 Dungeon Crawl Stone Soup version 0.22-a0-410-g97be04f (webtiles) character file.

2101 iamserjio the Conjurer (level 9, -1/91 HPs)
             Began as an Ogre Wizard on May 11, 2018.
             Was an Initiate of Vehumet.
             Slain by a killer bee (9 damage)
             ... on level 7 of the Dungeon.
             The game lasted 00:27:29 (13248 turns).

iamserjio the Conjurer (Ogre Wizard)               Turns: 13248, Time: 00:27:30

Health: -1/91      AC:  4    Str: 18    XL:     9   Next: 28%
Magic:  4/18       EV: 10    Int: 22    God:    Vehumet [......]
Gold:   336        SH:  0    Dex:  7    Spells: 10/21 levels left

rFire    . . .     SeeInvis .   w - +1 mace "Elikec" {elec, +Blink}
rCold    . . .     Gourm    .   (no shield)
rNeg     . . .     Faith    .   a - +0 robe
rPois    .         Spirit   .   b - +1 hat
rElec    .         Reflect  .   (no cloak)
rCorr    +         Harm     .   (gloves unavailable)
MR       .....                  (boots unavailable)
Stlth    +.........             (no amulet)
HPRegen  0.25/turn              i - ring of resist corrosion
MPRegen  0.16/turn              (no ring)

@: mighty, very slightly contaminated
A: large, unfitting armour, tough skin 1
a: Renounce Religion, Evoke Blink


You were on level 7 of the Dungeon.
You worshipped Vehumet.
Vehumet was noncommittal.
You were not hungry.

You visited 2 branches of the dungeon, and saw 8 of its levels.

You collected 385 gold pieces.
You spent 49 gold pieces at shops.

Inventory:

Hand Weapons
 w - the +1 mace "Elikec" (weapon) {elec, +Blink}
   (You found it on level 4 of the Dungeon)

   Occasionally, upon striking a foe, it will discharge some electrical energy
   and cause terrible harm.
   It lets you blink.
Armour
 a - a +0 robe (worn)
 b - a +1 hat (worn)
 j - a +0 large shield
 v - a +0 shield
Magical Staves
 E - an uncursed staff of summoning
Jewellery
 i - a ring of resist corrosion (left hand)
 r - an uncursed ring of ice {unknown}
 B - an uncursed amulet of the gourmand {unknown}
Wands
 s - a wand of digging (2)
 z - a wand of flame (45)
 A - a wand of iceblast (3)
Scrolls
 e - a scroll of fog
 f - a scroll of enchant weapon
 m - a scroll of remove curse
 n - a scroll of noise {unknown}
 o - a scroll of immolation
 p - a scroll of amnesia {unknown}
 t - a scroll of teleportation {unknown}
Potions
 c - 3 potions of might
 h - a potion of degeneration {unknown}
 k - 3 potions of resistance
 l - 3 potions of brilliance
 q - 2 potions of curing
 u - a potion of invisibility {unknown}
 x - a potion of mutation {unknown}
Comestibles
 d - 3 rations


   Skills:
 + Level 6.3 Fighting
 - Level 1.7 Dodging
 - Level 1.4 Stealth
 * Level 0.8 Shields
 + Level 6.5 Spellcasting
 * Level 6.6 Conjurations
 - Level 0.8 Summonings
 - Level 0.8 Translocations
 + Level 5.5 Fire Magic


You had 10 spell levels left.
You knew the following spells:

 Your Spells              Type           Power        Failure   Level  Hunger
a - Magic Dart            Conj           ####         1%          1    None
b - Blink                 Tloc           N/A          10%         2    None
c - Conjure Flame         Conj/Fire      ####....     2%          3    #......
d - Mephitic Cloud        Conj/Pois/Air  ###.....     11%         3    #......
e - Call Imp              Summ           ##......     10%         2    None


Dungeon Overview and Level Annotations

Branches:
Dungeon (7/15)             Temple (1/1) D:5

Altars:
Ashenzari
Cheibriados
Dithmenos
Elyvilon
Fedhas
Gozag
Hepliaklqana
Kikubaaqudgha
Makhleb
Okawaru
Qazlal
Ru
Sif Muna
Uskayaw
Vehumet
Wu Jian
Yredelemnul
Zin
The Shining One

Shops:
D:4 (   D:6 [


Innate Abilities, Weirdness & Mutations

You are too large for most types of armour.
You have tough skin. (AC +1)


Message History

Casting: Blink (safe; 10% risk of failure)
Confirm with . or Enter, or press ? or * to list all spells.
You blink.
You feel sick.
You feel better.
As you read the scroll labeled XANODITZYLL, it crumbles to dust.
The creatures around you are filled with an inner flame!
It was a scroll of immolation.
The killer bee stings you.
* * * LOW HITPOINT WARNING * * *
The killer bee stings you.
* * * LOW HITPOINT WARNING * * *
The killer bee barely misses you. The killer bee stings you.
* * * LOW HITPOINT WARNING * * *
Okay, then.
Casting: Blink (safe; 10% risk of failure)
Confirm with . or Enter, or press ? or * to list all spells.
You miscast Blink.
You are very lightly contaminated with residual magic.
The floor and the ceiling briefly switch places.
The killer bee closely misses you. x2; The killer bee stings you!
You die...

. ..# ######. #..#
######..... #..#
#........# ##..#
#........# ...#
#........# ...##..
#..<.....####....5.#
#....y>.....†..(....
#...@y...####...####
#....F...# ...#
#........# ####
##########


You could see a bullfrog (inner flame) and 2 killer bees.

Vanquished Creatures
  Sigmund (D:3)
  The ghost of Fingolfin the Ruffian, an amateur TrWz (D:3)
  3 ice beasts (D:5)
  A phantom (D:5)
  A black bear (D:6)
  A sky beast (D:6)
  3 ogres
  A centaur (D:7)
  A wyvern zombie (D:5)
  A howler monkey (D:5)
  3 crimson imps (D:5)
  A bullfrog zombie (D:5)
  3 hounds
  2 orc priests (D:5)
  A jelly (D:6)
  2 bullfrog skeletons (D:6)
  2 orc wizards (D:5)
  An iguana (D:6)
  5 worker ants
  2 howler monkey skeletons
  9 adders
  4 gnolls (D:5)
  An adder skeleton (D:4)
  4 worms
  2 dart slugs
  6 leopard geckos
  12 orcs
  8 giant cockroaches
  A goblin (D:2)
  5 hobgoblins
  4 jackals (D:5)
  13 kobolds
  5 quokkas
  5 ball pythons
  6 bats
  4 frilled lizards
  A leopard gecko skeleton (D:5)
  2 rats (D:1)
128 creatures vanquished.

Vanquished Creatures (collateral kills)
  A killer bee (D:7)
1 creature vanquished.

Grand Total: 129 creatures vanquished

Notes
Turn   | Place    | Note
-------+----------+-------------------------------------------
     0 | D:1      | iamserjio the Ogre Wizard began the quest for the Orb.
     0 | D:1      | Reached XP level 1. HP: 16/16 MP: 5/5
    66 | D:1      | Reached skill level 1 in Conjurations
   652 | D:1      | Reached XP level 2. HP: 26/26 MP: 2/6
   800 | D:1      | Reached skill level 1 in Fighting
  1038 | D:1      | Learned a level 2 spell: Blink
  1684 | D:2      | Reached XP level 3. HP: 17/33 MP: 1/8
  2353 | D:2      | Learned a level 3 spell: Conjure Flame
  2357 | D:2      | Learned a level 3 spell: Mephitic Cloud
  2680 | D:2      | Reached XP level 4. HP: 42/42 MP: 1/10
  3200 | D:3      | Noticed Sigmund
  3896 | D:3      | Killed Sigmund
  3896 | D:3      | Reached XP level 5. HP: 53/53 MP: 1/11
  3924 | D:3      | Noticed Fingolfin's ghost (amateur TrWz)
  4383 | D:3      | Reached XP level 6. HP: 61/61 MP: 3/12
  4557 | D:3      | Learned a level 2 spell: Call Imp
  5092 | D:4      | Found Doxeynuk's Antique Weapon Emporium.
  5395 | D:4      | Got a fine mace
  5399 | D:4      | Found a white marble altar of Elyvilon.
  6571 | D:4      | Identified the cursed +1 mace "Elikec" {elec, +Blink} (You found it on level 4 of the Dungeon)
  7406 | D:3      | Killed Fingolfin's ghost
  7406 | D:3      | Reached XP level 7. HP: 36/68 MP: 0/14
  7579 | D:5      | Entered Level 5 of the Dungeon
  7955 | D:5      | Reached skill level 5 in Spellcasting
  8282 | D:5      | Found a transporter.
  8869 | D:5      | Reached XP level 8. HP: 51/79 MP: 10/16
  8881 | D:5      | HP: 3/79 [wyvern zombie (2)]
  9329 | D:5      | Reached skill level 5 in Conjurations
  9830 | D:5      | Found a transporter.
 10184 | D:5      | Reached skill level 5 in Fighting
 10743 | D:5      | Found a staircase to the Ecumenical Temple.
 10749 | Temple   | Entered the Ecumenical Temple
 10829 | Temple   | Became a worshipper of Vehumet
 10926 | D:5      | Reached skill level 5 in Fire Magic
 11850 | D:6      | Reached XP level 9. HP: 89/89 MP: 5/18
 12121 | D:6      | Noticed a troll
 12131 | D:6      | Noticed a gargoyle
 12595 | D:6      | Found Iwugyak's Armour Shop.
 12603 | D:6      | Bought a +0 shield for 49 gold pieces
 13248 | D:7      | Slain by a killer bee

Vault maps used:
D:1:      minmay_arrival_stair_chambers, nrook_mini_vaults
D:3:      first_ration, uniq_sigmund
D:4:      elyvilon_altar_5, serial_shops,
          nicolae_shop_competitors_out_of_business
D:5:      gammafunk_cloud_chamber, minmay_temple_entry_hall
D:6:      kennysheep_windowed_halls, serial_shops, shop,
          minmay_misc_feat_nine_boxes
D:7:      lemuel_ice_statue, lightli_bailey_entry_fortress
Temple:   compressed_dpeg_circular_temple

Skill      XL: |  1  2  3  4  5  6  7  8  9 |
---------------+----------------------------+-----
Conjurations   | 1 2 3 4 6 |  6.6
Fighting       | 1 2 3 4 5 6 |  6.3
Spellcasting   | 4 5 6 |  6.5
Fire Magic     | 2 3 4 5 |  5.5
Dodging        | |  1.7
Stealth        | |  1.4
Shields        | |  0.8
Summonings     | |  0.8
Translocations | |  0.8

Action                   |  1- 3 |  4- 6 |  7- 9 || total
-------------------------+-------+-------+-------++-------
Melee: Whip              |    29 |    32 |       ||    61
       Mace              |       |     5 |   128 ||   133
 Cast: Magic Dart        |    83 |   193 |   185 ||   461
       Mephitic Cloud    |       |     3 |     3 ||     6
       Conjure Flame     |       |     4 |    11 ||    15
       Blink             |       |       |     4 ||     4
       Call Imp          |       |       |     4 ||     4
Evoke: Wand              |       |       |     1 ||     1
  Use: Scroll            |       |     7 |     7 ||    14
       Potion            |       |       |     4 ||     4
 Stab: Confused          |       |     1 |       ||     1
  Eat: Chunk             |     5 |     9 |    12 ||    26
       Ration            |       |     2 |     2 ||     4
Armor: Robe              |    15 |    15 |    47 ||    77
Dodge: Dodged            |    26 |    31 |   106 ||   163

Table legend:
 A = Spawn XP
 B = Non-spawn XP
 C = Spawn XP percentage of total XP
 D = Spawn monster count
 E = Non-spawn monster count
 F = Spawn count percentage of total count
 G = Total turns spent on level
                    A         B        C        D         E        F      G
               +---------+---------+-------+---------+---------+-------+---------
         Total |       0 |    3002 |   0.0 |       0 |     129 |   0.0 | 13248
               +---------+---------+-------+---------+---------+-------+---------
           D:1 |       0 |      24 |   0.0 |       0 |      15 |   0.0 |  1438
           D:2 |       0 |      97 |   0.0 |       0 |      26 |   0.0 |  3258
           D:3 |       0 |     434 |   0.0 |       0 |      17 |   0.0 |  1140
           D:4 |       0 |     162 |   0.0 |       0 |      19 |   0.0 |  1743
           D:5 |       0 |    1368 |   0.0 |       0 |      33 |   0.0 |  3609
           D:6 |       0 |     699 |   0.0 |       0 |      15 |   0.0 |  1890
           D:7 |       0 |     218 |   0.0 |       0 |       4 |   0.0 |    58
               +---------+---------+-------+---------+---------+-------+---------
